 Dungeon Crawl Stone Soup version 0.23.2-1-ga50397a6bc (webtiles) character file.

Game seed: 4563616292353701753

94 Foic the Cudgeler (level 4, -9/45 HPs)
             Began as a Troll Monk on May 19, 2019.
             Mangled by an ogre
             ... wielding a +0 giant club
              (19 damage)
             ... on level 3 of the Dungeon.
             The game lasted 00:04:59 (1565 turns).

Foic the Cudgeler (Troll Monk)                      Turns: 1565, Time: 00:05:00

Health: -9/45      AC:  7    Str: 20    XL:     4   Next: 38%
Magic:  3/3        EV: 11    Int:  6    God:
Gold:   54         SH:  0    Dex: 12    Spells: 3/3 levels left

rFire    . . .     SeeInvis .   a - +0 mace
rCold    . . .     Gourm    +   (no shield)
rNeg     . . .     Faith    .   b - +0 robe
rPois    .         Spirit   .   (helmet restricted)
rElec    .         Reflect  .   p - +0 cloak
rCorr    .         Harm     .   (gloves unavailable)
MR       .....                  (boots unavailable)
Stlth    ++........             (no amulet)
HPRegen  0.55/turn              (no ring)
MPRegen  0.08/turn              (no ring)

@: no status effects
A: large, unfitting armour, claws 3, fast metabolism 3, gourmand, regeneration
1, shaggy fur 1, tough skin 3
a: no special abilities


You were on level 3 of the Dungeon.
You were very full.

You visited 1 branch of the dungeon, and saw 3 of its levels.

You collected 54 gold pieces.

Inventory:

Hand Weapons
 a - a +0 mace (weapon)
Missiles
 e - 62 stones (quivered)
Armour
 b - a +0 robe (worn)
 p - a +0 cloak (worn)
Jewellery
 d - an uncursed ring of fire
 g - an uncursed ring of ice
 q - an uncursed ring of wizardry
Scrolls
 f - a scroll of teleportation
 h - a scroll of identify
 i - a scroll of fear {unknown}
 l - a scroll of noise {unknown}
 n - a scroll of enchant armour {unknown}
Potions
 j - 2 potions of heal wounds {unknown}
 m - 3 potions of brilliance {unknown}
 o - a potion of curing {unknown}
Comestibles
 c - 5 rations
 k - a chunk of flesh


   Skills:
 * Level 3.1 Fighting
 + Level 3.5 Maces & Flails
 * Level 3.2 Dodging
 - Level 1.0 Stealth


You had 3 spell levels left.
You didn't know any spells.
Your spell library was empty.

Dungeon Overview and Level Annotations

Branches:
Dungeon (3/15)

Altars:
Trog


Innate Abilities, Weirdness & Mutations

You are too large for most types of armour.
You have claws for hands.
Your metabolism is lightning-fast.
You like to eat raw meat.
Your natural rate of healing is unusually fast.
You are covered in fur. (AC +1)
You have extremely tough skin. (AC +3)


Message History

You hit the ogre.
The ogre is heavily wounded.
The ogre completely misses you.
You hit the ogre.
The ogre is heavily wounded.
The ogre closely misses you.
You hit the ogre.
The ogre is severely wounded.
The ogre hits you with a +0 giant club!
You sock the ogre!
The ogre is almost dead.
The ogre barely misses you.
You hit the ogre but do no damage.
The ogre is almost dead.
The ogre hits you with a +0 giant club!!
* * * LOW HITPOINT WARNING * * *
You barely miss the ogre.
The ogre is almost dead.
The ogre hits you with a +0 giant club!!
You die...

##### .# ###### .....
#.## # #.....
##.#.####..## #.#.####
≈..≈....≈...# ##.#.####
≈...≈...≈≈..####......##
≈≈≈≈≈≈≈≈.≈≈≈≈≈#####...##
≈≈≈≈≈≈≈O≈≈≈≈≈≈≈####.....
..≈....@.≈..# #..÷....
.....≈≈.≈.≈## #.#..#.#
.≈≈.≈≈.≈≈≈## ##.#..#.#
#.####...## ........# #
#...#######..#.##.#
#.####........##....##.#
..........###...........
..........# #......#....
..........###..#........


You could see an ogre.

Vanquished Creatures
  3 adders
  3 worms
  2 dart slugs
  A leopard gecko (D:2)
  A ball python (D:1)
  3 giant cockroaches
  2 goblins (D:1)
  6 hobgoblins
  9 jackals
  A quokka (D:2)
  5 bats
  3 frilled lizards
  6 kobolds
  9 rats
54 creatures vanquished.

Notes
Turn   | Place    | Note
-------+----------+-------------------------------------------
     0 | D:1      | Foic the Troll Monk began the quest for the Orb.
     0 | D:1      | Reached XP level 1. HP: 22/22 MP: 0/0
   150 | D:1      | Reached XP level 2. HP: 28/29 MP: 1/1
   453 | D:1      | Reached XP level 3. HP: 36/36 MP: 2/2
  1011 | D:2      | Reached XP level 4. HP: 40/45 MP: 3/3
  1189 | D:2      | Found a bloodstained altar of Trog.
  1550 | D:3      | Noticed an ogre
  1565 | D:3      | Mangled by an ogre

Skill      XL: |  1  2  3 |
---------------+----------+-----
Maces & Flails | 3 |  3.5
Dodging        | 3 |  3.2
Fighting       | 3 |  3.1
Stealth        | |  1.0

Action                   |  1- 3 |  4- 6 || total
-------------------------+-------+-------++-------
Melee: Mace              |   143 |    55 ||   198
  Use: Scroll            |     1 |     2 ||     3
 Stab: Sleeping          |     2 |       ||     2
  Eat: Chunk             |    15 |     5 ||    20
Armor: Robe              |    60 |    14 ||    74
Dodge: Dodged            |    90 |    35 ||   125
